General information
- name: BNet
- type: Ladder 1vs1/FFA
- host: Battle.net
- saver: ROTS19
map: CentaurGrove
- players: 2
- length: 23:10
- speed: Fast
- version: 1.26 W3XP
- replay type: Public
» download(74 KB)
Players
team 1 (loser)

»
SlurviN (
green | 58 APM | 1344 actions | 23:10)
3 Blademaster
2 Wind Walk
1 Mirror Image
3 Shadow Hunter
2 Healing Wave
1 Hex
» actions
| Assign group hotkey | 21 | |
| Basic commands | 169 | |
| Build / train | 76 | |
| Enter build submenu | 35 | |
| Enter hero's abilities submenu | 6 | |
| Give item / drop item | 4 | |
| Remove unit from queue | 10 | |
| Right click | 374 | |
| Select / deselect | 368 | |
| Select group hotkey | 228 | |
| Use ability | 53 | |
1344 total
» units
» upgrades
| Melee Weapons | 3 | |
| Armor | 3 | |
| Spiked Barricades | 1 | |
| Berserker Strength | 1 | |
| Shaman Training | 3 | |
| Pulverize | 1 | |
12 total
» buildings
| Altar of Storms | 1 | |
| Orc Burrow | 10 | |
| Barracks | 2 | |
| Voodoo Lounge | 2 | |
| War Mill | 1 | |
| Watch Tower | 7 | |
| Stronghold | 1 | |
| Great Hall | 1 | |
| Spirit Lodge | 2 | |
| Fortress | 1 | |
| Tauren Totem | 2 | |
30 total
» build order
00:10 Altar of Storms
00:21 Orc Burrow
00:43 Barracks
01:40 Barracks
01:58 Orc Burrow
02:29 Voodoo Lounge
02:50 War Mill
04:07 Orc Burrow
04:21 Watch Tower
04:25 Watch Tower
04:29 Watch Tower
04:52 Stronghold
07:16 Great Hall
07:32 Voodoo Lounge
08:46 Orc Burrow
09:03 Watch Tower
09:26 Watch Tower
10:07 Orc Burrow
10:49 Spirit Lodge
12:09 Orc Burrow
12:18 Spirit Lodge
13:14 Fortress
13:38 Orc Burrow
18:56 Tauren Totem
18:59 Tauren Totem
19:49 Orc Burrow
20:39 Watch Tower
20:43 Watch Tower
21:54 Orc Burrow
21:59 Orc Burrow
» items
| Healing Salve | 1 | |
| Potion of Healing | 2 | |
| Potion of Mana | 2 | |
| Lesser Clarity Potion | 2 | |
7 total
team 2 (winner)

»
ROTS19 (
red | 87 APM | 2008 actions | 23:10)
5 Demon Hunter
3 Mana Burn
2 Evasion
4 Naga Sea Witch
2 Frost Arrows
2 Forked Lightning
2 Beastmaster
1 Summon Quilbeast
1 Summon Hawk
» actions
| Assign group hotkey | 56 | |
| Basic commands | 60 | |
| Build / train | 110 | |
| ESC pressed | 10 | |
| Enter build submenu | 33 | |
| Enter hero's abilities submenu | 12 | |
| Give item / drop item | 4 | |
| Right click | 804 | |
| Select / deselect | 414 | |
| Select group hotkey | 398 | |
| Use ability | 107 | |
2008 total
» units
| Wisp | 42 | |
| Archer | 7 | |
| Druid of the Talon | 6 | |
| Druid of the Claw | 1 | |
| Dryad | 1 | |
| Chimaera | 10 | |
| Faerie Dragon | 1 | |
68 total
» upgrades
| Ultravision | 1 | |
| Reinforced Hides | 3 | |
| Druid of the Talon Training | 2 | |
| Nature's Blessing | 1 | |
| Well Spring | 1 | |
| Mark of the Talon | 1 | |
| Abolish Magic | 1 | |
| Druid of the Claw Training | 1 | |
| Strength of the Wild | 2 | |
13 total
» buildings
| Altar of Elders | 1 | |
| Ancient of War | 1 | |
| Moon Well | 7 | |
| Ancient of Wonders | 2 | |
| Tree of Ages | 1 | |
| Hunter's Hall | 1 | |
| Tree of Life | 3 | |
| Ancient of Wind | 2 | |
| Tree of Eternity | 1 | |
| Ancient Protector | 1 | |
| Ancient of Lore | 2 | |
| Chimaera Roost | 5 | |
27 total
» build order
00:09 Altar of Elders
00:12 Ancient of War
00:24 Moon Well
02:07 Moon Well
02:22 Ancient of Wonders
02:52 Moon Well
04:10 Tree of Ages
04:12 Ancient of Wonders
04:17 Hunter's Hall
07:04 Tree of Life
07:33 Tree of Life
08:03 Ancient of Wind
08:09 Ancient of Wind
09:15 Moon Well
10:50 Tree of Eternity
11:40 Ancient Protector
13:10 Tree of Life
15:18 Ancient of Lore
15:21 Ancient of Lore
17:02 Chimaera Roost
17:03 Chimaera Roost
17:45 Chimaera Roost
17:46 Chimaera Roost
17:49 Chimaera Roost
19:35 Moon Well
19:37 Moon Well
19:41 Moon Well
» items
| Scroll of Town Portal | 2 | |
| Dust of Appearance | 1 | |
| Staff of Preservation | 3 | |
| Potion of Healing | 5 | |
| Orb of Venom | 1 | |
12 total
Chat log
(00:02 / All) ROTS19: hey
(00:06 / All) SlurviN: yo
(00:45 / All) ROTS19: I don't think i played ont his map
(00:47 / All) ROTS19: Is it only 2 playeR?
(00:54 / All) SlurviN: n0t sure
(00:59 / All) ROTS19: k
(01:26 / All) ROTS19: LOL GUESS NOT
(03:20 / All) ROTS19: damn
(03:21 / All) ROTS19: I messe dup
(03:23 / All) ROTS19: Good job
(03:36 / All) SlurviN: Ty
(03:47 / All) ROTS19: should have been looking at that
(03:48 / All) ROTS19: instead of my base
(03:49 / All) ROTS19: Lol
(04:00 / All) SlurviN: ya
(08:16 / All) ROTS19: Yeah
(08:19 / All) ROTS19: definitely haven't played on this one
(19:25 / All) ROTS19: Dang
(22:50 / All) SlurviN: Gg
(22:52 / All) ROTS19: Gg
(22:52 / All) SlurviN: Wp
(22:55 / All) ROTS19: you tooo
(22:55 / All) SlurviN: im a dota player
(22:59 / All) ROTS19: You did pretty good
(23:05 / All) SlurviN: thanks
(23:08 / All) SlurviN: gg